Map: Orbital Shipyard

Players

snipsuper

  • Race: Terran Terran
  • League: Silver

WildCatBrown - Winner!

  • Race: Protoss Protoss
  • League: Gold

VOD

Have the link to the VOD?

Description

Time

  • Played on: Jan. 22, 2016, 11:32 p.m.
  • Length: 12:33
Show
View Real Time Build Order
Export as new Build Order

snipsuper Terran 

Build Orders:  

Get SALT Encoding   

  12  0:01  SCV  
  13  0:14  SCV  
  14  0:27  Supply Depot  
  14  0:28  SCV, Refinery  
  15  0:47  Refinery  
  15  0:52  Barracks  
  15  0:59  SCV  
  16  1:19  Supply Depot  
  16  1:23  Barracks  
  16  1:39  Reaper  
  17  1:44  Orbital Command  
  17  1:53  Engineering Bay  
  17  2:11  Factory  
  17  2:14  Barracks Tech Lab  
  17  2:26  SCV  
  17  2:28  Marine  
  19  2:35  Marauder  
  21  2:39  SCV  
  22  2:55  Marine  
  23  3:06  SCV  
  24  3:15  Factory Tech Lab  
  24  3:16  Factory, Marine, Marauder  
  24  3:18  SCV  
  28  3:30  SCV  
  29  3:34  Marine  
  30  3:42  SCV  
  30  3:55  Starport  
  30  4:09  Supply Depot  
  30  4:13  Supply Depot  
  30  4:16  Factory Reactor  
  30  4:17  Siege Tank  
  30  4:18  Marauder  
  35  4:30  Command Center  
  35  4:36  Medivac  
  37  4:40  Marine  
  38  4:55  SCV  
  39  5:11  Factory Tech Lab  
  39  5:14  Marauder  
  41  5:22  Barracks Reactor  
  41  5:24  Supply Depot  
  41  5:28  Medivac  
  43  5:35  Supply Depot  
  43  5:43  SCV  
  43  5:49  Orbital Command  
  44  5:56  Refinery  
  44  6:01  Refinery, Marine x2  
  44  6:02  Combat Shields  
  45  6:39  Siege Tank, Marauder  
  49  6:47  Marine  
  49  6:48  Marine  
  49  6:53  Command Center  
  50  6:59  SCV  
  50  7:00  Marauder  
  52  7:01  Barracks  
  52  7:02  SCV  
  52  7:05  Marine x2  
  52  7:11  SCV  
  52  7:14  SCV  
  54  7:23  SCV, Marine x2  
  57  7:39  Siege Tank  
  57  7:40  Siege Tank  
  57  7:41  Marine x2  
  59  7:47  Supply Depot  
  56  8:01  SCV x2  
  58  8:13  SCV x2  
  58  8:19  Barracks Tech Lab  
  60  8:25  SCV x2  
  60  8:26  Supply Depot, Marine x2  
  64  8:27  Supply Depot  
  64  8:28  Siege Tank  
  67  8:35  Refinery  
  67  8:37  SCV  
  68  8:58  Medivac x2  
  68  8:59  Orbital Command  
  68  9:01  Marauder x2  
  68  9:02  Stimpack, Concussive Shells  
  76  9:22  Siege Tank x2  
  82  9:29  Medivac x2  
  86  9:32  Marine x2  
  86  9:33  SCV  
  86  9:35  SCV x2  
  89  9:45  SCV  
  89  9:47  SCV x2  
  89  9:50  Marine x2  
  83  9:58  SCV, Siege Tank  
  83  9:59  SCV  
  88  10:00  Terran Infantry Weapons Level 1  
  88  10:03  Liberator x2  
  82  10:10  SCV  
  78  10:16  Missile Turret  
  84  10:22  SCV  
  84  10:25  Missile Turret  
  74  10:59  Missile Turret  
  73  11:18  Siege Tank  
  76  11:19  Viking x2  
  76  11:21  Command Center  
  80  11:33  Marine  
  80  11:34  Marine x2  
  83  11:51  Marine x2  
  83  11:52  Marine  
  86  11:55  SCV  
  86  11:56  SCV  
  88  12:07  SCV  
  88  12:08  SCV  
  90  12:09  Marine x3  
  84  12:20  SCV x2  
Show
View Real Time Build Order
Export as new Build Order

WildCatBrown Protoss - Winner!

Build Orders: 1 Gate Expand 

Get SALT Encoding   

  12  0:01  Probe (Chrono Boost)  
  13  0:12  Probe (Chrono Boost)  
  14  0:22  Probe (Chrono Boost)  
  14  0:25  Pylon  
  15  0:32  Assimilator  
  15  0:43  Probe (Chrono Boost)  
  16  0:51  Gateway  
  16  0:53  Probe (Chrono Boost)  
  18  1:04  Probe (Chrono Boost)  
  18  1:06  Gateway  
  18  1:14  Probe (Chrono Boost)  
  19  1:25  Probe (Chrono Boost)  
  20  1:36  Nexus  
  20  1:38  Probe (Chrono Boost)  
  21  1:54  Cybernetics Core, Probe (Chrono Boost)  
  22  2:05  Probe (Chrono Boost)  
  23  2:13  Pylon  
  23  2:31  Probe (Chrono Boost), Zealot  
  23  2:32  Warp Gate  
  23  2:33  Gateway  
  26  2:41  Assimilator  
  24  3:03  Adept  
  26  3:05  Probe (Chrono Boost)  
  26  3:06  Probe (Chrono Boost)  
  26  3:16  Probe (Chrono Boost)  
  25  3:22  Adept x2  
  29  3:31  Probe (Chrono Boost)  
  30  3:40  Probe (Chrono Boost)  
  32  3:41  Probe (Chrono Boost)  
  32  3:48  Adept  
  32  3:49  Adept  
  32  3:50  Probe (Chrono Boost)  
  32  3:52  Probe (Chrono Boost)  
  38  4:01  Probe (Chrono Boost)  
  38  4:02  Probe (Chrono Boost), Adept  
  41  4:14  Probe x2 (Chrono Boost)  
  45  4:33  Pylon  
  45  4:40  Mothership Core (Chrono Boost)  
  45  4:42  Probe (Chrono Boost)  
  46  4:46  Pylon  
  46  4:50  Assimilator  
  46  4:51  Adept x2, Pylon  
  50  4:53  Probe (Chrono Boost), Adept  
  50  4:55  Assimilator  
  50  4:58  Probe (Chrono Boost)  
  54  5:03  Forge  
  54  5:10  Pylon  
  54  5:12  Probe x2 (Chrono Boost)  
  54  5:13  Pylon  
  56  5:18  Adept  
  58  5:23  Probe x2 (Chrono Boost)  
  60  5:31  Gateway  
  60  5:33  Probe x2 (Chrono Boost)  
  62  5:44  Probe (Chrono Boost)  
  62  5:45  Robotics Facility  
  62  5:46  Protoss Ground Weapons Level 1  
  62  5:47  Twilight Council  
  63  5:52  Adept  
  63  5:56  Probe x2 (Chrono Boost)  
  67  6:06  Probe (Chrono Boost), Adept x2  
  72  6:20  Stargate  
  72  6:23  Adept  
  60  6:41  Adept x3  
  56  6:50  Adept  
  54  6:58  Immortal  
  58  7:02  Adept x2  
  52  7:25  Stalker x2  
  52  7:31  Probe (Chrono Boost)  
  52  7:32  Probe (Chrono Boost)  
  50  7:42  Probe x2 (Chrono Boost)  
  56  7:44  Immortal  
  56  7:49  Protoss Ground Weapons Level 2  
  56  7:55  Gateway  
  56  7:57  Gateway  
  56  7:58  Stalker x2  
  60  8:00  Gateway  
  60  8:02  Oracle  
  63  8:06  Blink (Chrono Boost)  
  65  8:12  Probe (Chrono Boost)  
  65  8:13  Probe (Chrono Boost)  
  65  8:15  Gateway  
  65  8:20  Gateway  
  65  8:23  Probe, Immortal  
  70  8:46  Nexus  
  70  8:48  Probe x2, Pylon  
  72  9:04  Stalker  
  72  9:05  Stalker  
  76  9:20  Stalker x2  
  76  9:21  Stalker x2  
  84  9:30  Stalker  
  86  9:38  Pylon  
  86  9:41  Pylon  
  86  9:43  Pylon  
  86  9:45  Immortal  
  82  10:05  Probe x2  
  84  10:17  Probe x2, Robotics Bay  
  86  10:35  Immortal  
  90  10:57  Stalker x2  
  90  10:58  Stalker x5, Robotics Facility  
  90  11:00  Robotics Facility  
  104  11:14  Immortal (Chrono Boost)  
  105  11:40  Stalker x5  
  105  11:41  Stalker x2  
  119  11:51  Immortal (Chrono Boost)  
Tags
 
Add a new tag
Caveats
  • Supply blocks, unpowered buildings, or Contaminate may cause inaccurate times.
  • Supply counts are checked every 10 seconds.